 Dungeon Crawl Stone Soup version 0.21.1-1-g345015fe64 (webtiles) character file.

1341 Htamos the Basher (level 8, -4/65 HPs)
             Began as a Formicid Abyssal Knight on July 14, 2018.
             Was a Believer of Lugonu.
             Slain by an orc warrior
             ... wielding a +0 dire flail
              (5 damage)
             ... on level 5 of the Dungeon.
             The game lasted 00:19:24 (9489 turns).

Htamos the Basher (Formicid Abyssal Knight)         Turns: 9489, Time: 00:19:24

Health: -4/65      AC:  9    Str: 17    XL:     8   Next: 93%
Magic:  8/9        EV:  7    Int: 12    God:    Lugonu [**....]
Gold:   376        SH:  0    Dex: 12    Spells: 6/7 levels left

rFire    + . .     SeeInvis +   n - +0 whip
rCold    + . .     Gourm    .   (no shield)
rNeg     + . .     Faith    .   d - +0 chain mail
rPois    +         Spirit   .   (helmet unavailable)
rElec    +         Reflect  .   f - +0 cloak
rCorr    +         Harm     .   (no gloves)
MR       .....                  (no boots)
Stlth    ..........             (no amulet)
HPRegen  0.20/turn              e - ring of positive energy
MPRegen  0.11/turn              l - ring of poison resistance

@: resistant
A: permanent stasis, dig shafts and tunnels, four strong arms, antennae 3
a: Dig, Shaft Self, Depart the Abyss, Bend Space, Renounce Religion


You were on level 5 of the Dungeon.
You worshipped Lugonu.
Lugonu was pleased with you.
You were not hungry.

You visited 1 branch of the dungeon, and saw 6 of its levels.
You visited the Abyss 1 time.

You collected 376 gold pieces.

Inventory:

Hand Weapons
 a - a +1 mace
 k - a cursed -1 hunting sling
 n - a +0 whip (weapon)
Missiles
 h - 194 stones (quivered)
 i - 14 sling bullets
Armour
 d - a +0 chain mail (worn)
 f - a +0 cloak (worn)
 j - a +2 leather armour of poison resistance
 u - a +0 ring mail
Jewellery
 e - a ring of positive energy (left hand)
 l - a ring of poison resistance (right hand)
Scrolls
 m - 4 scrolls of remove curse
 p - 3 scrolls of identify
 t - a scroll of random uselessness {unknown}
 v - a scroll of amnesia {unknown}
Potions
 g - 2 potions of resistance
 q - 2 potions of brilliance
Books
 b - a book of Cantrips

   Spells                             Type                      Level
   a - Confusing Touch                Hexes                        1
   b - Animate Skeleton               Necromancy                   1
   c - Summon Small Mammal            Summoning                    1
   d - Apportation                    Translocation                1
Comestibles
 c - 5 rations


   Skills:
 - Level 6.8 Fighting
 + Level 8.9 Maces & Flails
 - Level 2.1 Armour
 - Level 0.8 Dodging
 - Level 2.1 Invocations


You had 6 spell levels left.
You knew the following spells:

 Your Spells              Type           Power        Failure   Level  Hunger
a - Apportation           Tloc           #.....       99%         1    ##.....


Dungeon Overview and Level Annotations

Branches:
Dungeon (6/15)
 Temple: D:4-7

Altars:
Gozag
Yredelemnul


Innate Abilities, Weirdness & Mutations

You cannot be hasted, slowed, berserked, paralysed or teleported.
You can dig through walls and to a lower floor.
Your four strong arms can wield two-handed weapons with a shield.
You have a pair of large antennae on your head. (SInv)


Message History

You destroy the centaur zombie!
Lugonu accepts your kill.
It was a potion of resistance.
You feel protected.
The orc warrior hits you with a dire flail!!
* * * LOW HITPOINT WARNING * * *
You climb upwards.
There is a stone staircase leading down here.
You closely miss the orc warrior.
You fail to use your ability.
The orc warrior hits you with a dire flail!
* * * LOW HITPOINT WARNING * * *
Unknown command.
You don't have enough health at the moment.
Unknown command.
You don't have enough health at the moment.
Okay, then.
Space bends around you!
You blink.
The orc warrior hits you with a dire flail.
You die...

#.#.#..##..#...#######
#.#.#......#...#######
########>..##....##...'......
#..........##....##...#######
##.#####.#..##..##....#
#.#...?....##..##....#
#.###.#....(####...###
#.....#..#..####..##
#######..##@.##..##
#....o.##..## #.##.ยง####..##
##### #.....####...# #....
###..##..##..# #....
#..##..##..# #....
#.##....##.### #....
#)##....##...# #....
##.#....).#...# #....


You could see an orc warrior.

Vanquished Creatures
  Grinder (D:3)
  Eustachio (D:4)
  Menkaure (D:5)
  An ogre (D:3)
  2 phantoms
  The ghost of letownia the Insei, an amateur DsGl (D:4)
  A scorpion (D:6)
  2 crimson imps
  A centaur zombie (D:6)
  2 orc priests (D:4)
  A centaur skeleton (D:4)
  A bullfrog skeleton (D:5)
  An iguana (D:4)
  3 worker ants
  2 gnolls (D:5)
  10 adders
  2 worms (D:2)
  A dart slug (D:2)
  4 leopard geckos
  7 orcs
  A ball python (D:4)
  6 bats
  2 giant cockroaches
  4 goblins
  10 hobgoblins
  11 jackals
  3 frilled lizards
  4 kobolds
  9 rats
95 creatures vanquished.

Notes
Turn   | Place    | Note
-------+----------+-------------------------------------------
     0 | Abyss:1  | Htamos the Formicid Abyssal Knight began the quest for the Orb.
     0 | Abyss:1  | Reached XP level 1. HP: 18/18 MP: 2/2
    28 | Abyss:1  | Found a corrupted altar of Lugonu.
    29 | Abyss:1  | Noticed a thrashing horror
    29 | Abyss:1  | Noticed a reaper
    29 | Abyss:1  | Noticed a tentacled starspawn
    29 | Abyss:1  | Noticed a tentacled starspawn
    29 | Abyss:1  | Noticed an unseen horror
    29 | Abyss:1  | Noticed a worldbinder
    29 | Abyss:1  | Noticed a green draconian shifter
    30 | Abyss:1  | Noticed a raiju
    30 | D:1      | Escaped the Abyss
   147 | D:1      | Reached XP level 2. HP: 20/25 MP: 3/3
   159 | D:1      | Reached * piety under Lugonu
   613 | D:1      | Reached XP level 3. HP: 31/31 MP: 4/4
  1599 | D:2      | Reached skill level 5 in Fighting
  1683 | D:2      | Found an opulent altar of Gozag.
  1704 | D:2      | Reached XP level 4. HP: 39/39 MP: 5/5
  2026 | D:2      | Reached ** piety under Lugonu
  2804 | D:2      | Reached XP level 5. HP: 46/46 MP: 6/6
  2832 | D:3      | Noticed Grinder
  3687 | D:3      | Killed Grinder
  3687 | D:3      | Reached skill level 3 in Maces & Flails
  3687 | D:3      | Reached XP level 6. HP: 36/53 MP: 7/7
  4114 | D:4      | Noticed letownia's ghost (amateur DsGl)
  4147 | D:4      | Killed letownia's ghost
  4147 | D:4      | Reached skill level 4 in Maces & Flails
  4147 | D:4      | Reached XP level 7. HP: 27/59 MP: 8/8
  5051 | D:3      | Reached skill level 5 in Maces & Flails
  5386 | D:4      | Reached skill level 6 in Maces & Flails
  5880 | D:4      | Reached XP level 8. HP: 51/65 MP: 9/9
  6497 | D:5      | Entered Level 5 of the Dungeon
  6502 | D:5      | Noticed Eustachio
  6534 | D:4      | Killed Eustachio
  6534 | D:4      | Reached skill level 7 in Maces & Flails
  7807 | D:4      | Learned a level 1 spell: Apportation
  7895 | D:5      | Noticed Menkaure
  7910 | D:5      | Killed Menkaure
  8507 | D:5      | Reached skill level 8 in Maces & Flails
  9144 | D:5      | Found a basalt altar of Yredelemnul.
  9482 | D:5      | HP: 1/65 [orc warrior/dire flail (14)]
  9489 | D:5      | Slain by an orc warrior

Skill      XL: |  1  2  3  4  5  6  7  8 |
---------------+-------------------------+-----
Fighting       | 4 5 6 |  6.8
Maces & Flails | 3 4 6 8 |  8.9
Armour         | |  2.1
Dodging        | |  0.8
Invocations    | |  2.1

Action                   |  1- 3 |  4- 6 |  7- 9 || total
-------------------------+-------+-------+-------++-------
Melee: Mace              |    50 |       |       ||    50
       Whip              |    54 |   258 |   483 ||   795
Invok: Depart the Abyss  |     1 |       |       ||     1
       Bend Space        |       |     6 |     1 ||     7
Evoke: Wand              |       |       |    23 ||    23
  Use: Potion            |     2 |     4 |     6 ||    12
       Scroll            |     1 |     6 |       ||     7
 Stab: Invisible         |       |       |     1 ||     1
  Eat: Chunk             |     3 |     7 |     5 ||    15
       Ration            |       |       |     4 ||     4
Armor: Leather armour    |    21 |       |    29 ||    50
       Scale mail        |     9 |    37 |       ||    46
       Chain mail        |       |    53 |    84 ||   137
       Ring mail         |       |     4 |       ||     4
       Skin              |       |       |     5 ||     5
Dodge: Dodged            |    71 |    90 |   158 ||   319
